 Dungeon Crawl Stone Soup version 0.29-a0-337-g68df138881 (webtiles) character file.

Game seed: 10353075227743113520

7593 kevlar127 the Grappler (level 10, -2/106 HPs)
             Began as a Troll Berserker on Apr 16, 2022.
             Was an Elder of Trog.
             Slain by an unseen horror (5 damage)
             ... on level 7 of the Dungeon.
             The game lasted 01:13:33 (7694 turns).

kevlar127 the Grappler (Troll Berserker)            Turns: 7694, Time: 01:13:34

Health: -2/106     AC: 13    Str: 31    XL:     10   Next: 97%
Magic:  9/9        EV:  9    Int:  3    God:    Trog [****..]
Gold:   357        SH:  0    Dex:  9    Spells: 9/9 levels left

rFire   + . .      SeeInvis .     - Unarmed
rCold   . . .      Faith    .   (no shield)
rNeg    . . .      Spirit   .   F - +0 swamp dragon scales
rPois   +          Reflect  .   (helmet restricted)
rElec   .          Harm     .   (no cloak)
rCorr   .          Rampage  .   (gloves unavailable)
Will    ++...                   (boots unavailable)
Stlth   ..........              c - amulet of regeneration
HPRegen 2.87/turn               d - ring of protection from fire
MPRegen 0.11/turn               u - +4 ring of protection

@: mighty, strong-willed, regenerating, studying Polearms, invisible, very slow
A: large, unfitting armour, claws 3, regeneration 1, shaggy fur 1, tough skin 1
a: Renounce Religion, Berserk, Trog's Hand, Brothers in Arms


You were on level 7 of the Dungeon.
You worshipped Trog.
Trog was greatly pleased with you.
You visited 1 branch of the dungeon, and saw 7 of its levels.
You also visited: Ossuary and Bailey.

You collected 357 gold pieces.

Inventory:

Hand Weapons
 o - a +0 triple sword
 B - the +6 spear of Contradiction {elec, Str-4 Int+6 Dex+2 SInv}
   (You took it off a gnoll on level 3 of the Dungeon)

   It occasionally discharges a powerful burst of electricity upon striking a
   foe.
   Str:       It affects your strength (-4).
   Int:       It affects your intelligence (+6).
   Dex:       It affects your dexterity (+2).
   SInv:      It lets you see invisible.
Missiles
 e - 230 stones (quivered)
 h - 4 curare-tipped darts
 D - 12 poisoned darts
 L - a throwing net
Armour
 p - +0 acid dragon scales
 F - +0 swamp dragon scales (worn)
Jewellery
 c - an amulet of regeneration (around neck)
 d - a ring of protection from fire (left claw)
 s - an amulet of regeneration
 u - a +4 ring of protection (right claw)
 y - a ring of protection from cold
Wands
 a - a wand of flame (35)
 t - a wand of charming (8)
 z - a wand of paralysis (10)
 E - a wand of polymorph (3)
 M - a wand of iceblast (7)
Scrolls
 b - 5 scrolls of noise {unknown}
 f - 7 scrolls of identify {unknown}
 i - a scroll of fog {unknown}
 k - 4 scrolls of immolation {unknown}
 l - 4 scrolls of brand weapon {unknown}
 n - 2 scrolls of vulnerability {unknown}
 q - 2 scrolls of blinking {unknown}
 A - 2 scrolls of teleportation {unknown}
 C - a scroll of fear {unknown}
 G - a scroll of amnesia {unknown}
 H - a scroll of summoning {unknown}
 K - a scroll of enchant armour {unknown}
Potions
 g - 8 potions of curing
 j - a potion of brilliance {unknown}
 m - a potion of heal wounds {unknown}
 r - 2 potions of degeneration {unknown}
 v - a potion of cancellation {unknown}
 w - 2 potions of mutation {unknown}
 x - 2 potions of might
 I - a potion of resistance {unknown}


   Skills:
 + Level 8.6 Fighting
 + Level 8.9 Throwing
 - Level 2.7 Dodging
 + Level 10.3 Unarmed Combat


You had 9 spell levels left.
You didn't know any spells.
Your spell library was empty.

Dungeon Overview and Level Annotations

Branches:
Dungeon (7/15)             Temple (0/1) D:5         Ossuary (visited)
 Bailey (visited)

Altars:


Innate Abilities, Weirdness & Mutations

You are too large for most types of armour.
You have claws for hands.
Your natural rate of healing is unusually fast.
You are covered in fur. (AC +1)
You have tough skin. (AC +1)


Message History

Moving in this stuff is going to be slow. ...and don't expect to remain undetected.
Don't expect to remain undetected while in the water.
Something hits you but does no damage. Something hits you.
* * * LOW HITPOINT WARNING * * *
Something hits you.
* * * LOW HITPOINT WARNING * * *
It was a potion of curing.
You feel better. Something hits you but does no damage. Something hits you.
* * * LOW HITPOINT WARNING * * *
The kobold brigand hits you with a +0 short sword.
* * * LOW HITPOINT WARNING * * *
Something hits you but does no damage. Something hits you!
* * * LOW HITPOINT WARNING * * *
You feel very mighty all of a sudden. Something hits you.
* * * LOW HITPOINT WARNING * * *
Something hits you but does no damage.
The kobold brigand splashes around in the water.
The kobold brigand attacks as you move away!
The kobold brigand hits you but does no damage.
Something hits you but does no damage. Why would you want to do that?
Something hits you.
* * * LOW HITPOINT WARNING * * *
Something hits you but does no damage.
You enter the shallow water.
Moving in this stuff is going to be slow. ...and don't expect to remain undetected.
Don't expect to remain undetected while in the water.
Something hits you.
* * * LOW HITPOINT WARNING * * *
Something hits you.
* * * LOW HITPOINT WARNING * * *
Your skin crawls.
You feel strong-willed. Trog will no longer gift you weapons.
An orc wizard appears from thin air!
Reactivating autopickup.
Something hits you.
You die...

#....≈≈≈.# #....≈≈≈.#
#....≈≈≈.# #.P..≈≈≈.#
#....≈≈≈.# #....≈≈≈.#
#....≈≈≈.#
#....≈≈###+#
#...P@≈#...###########
#...{≈≈#ooo#.....(..(.
#....K≈#####≈≈≈≈)≈≈≈≈≈
#....g≈≈≈≈≈≈≈≈≈≈≈≈≈≈≈≈
#P...go≈o≈≈≈≈≈≈≈{≈≈≈≈≈
#.......o)..(.(..o)...
######################


You could see a kobold brigand, an orc wizard, 2 gnolls and 2 orcs.

Vanquished Creatures
  2 vault guards (Bailey)
  Pikel (D:5)
  Maggie (D:6)
  Prince Ribbit (Bailey)
  A shadow (D:6)
  Sigmund (D:6)
  6 humans (Bailey)
  Edmund (D:5)
  A warg (D:7)
  Duvessa (D:7)
  2 ice beasts
  3 orc warriors (D:7)
  2 black bears
  The ghost of Antichthon the Grasshopper, an amateur NaWr (D:3)
  2 sky beasts (D:7)
  2 ogres (D:7)
  A centaur (D:6)
  2 lemures
  2 elf zombies (Ossuary)
  A kobold brigand (D:5)
  2 necrophages
  11 bullfrogs
  3 scorpions
  Dowan (D:7)
  An electric eel (D:7)
  8 howler monkeys (D:7)
  2 lava snakes (D:7)
  10 hounds
  A human zombie (Ossuary)
  5 orc priests
  2 gnoll shamans
  4 iguanas
  Natasha (thrice) (D:2)
  3 mummies
  5 adders
  17 gnolls
  2 white imps
  2 adder zombies (Ossuary)
  2 worms (D:2)
  12 orcs
  9 ball pythons
  6 bats
  5 endoplasms
  2 giant cockroaches
  8 goblins
  7 hobgoblins
  9 jackals
  4 quokkas
  A frilled lizard (D:3)
  3 goblin zombies (Ossuary)
  10 hobgoblin zombies
  A jackal zombie (Ossuary)
  30 kobolds
  9 kobold zombies (Ossuary)
  8 orc zombies
  5 rats
  2 rat zombies (Ossuary)
249 creatures vanquished.

Vanquished Creatures (others)
  A kobold brigand (D:7)
  26 plants
27 creatures vanquished.

Grand Total: 276 creatures vanquished

Notes
Turn   | Place    | Note
-------+----------+-------------------------------------------
     0 | D:1      | kevlar127 the Troll Berserker began the quest for the Orb.
     0 | D:1      | Reached XP level 1. HP: 22/22 MP: 0/0
   146 | D:1      | Reached XP level 2. HP: 23/29 MP: 1/1
  1032 | D:1      | Found a faded altar of an unknown god.
  1123 | D:2      | Reached XP level 3. HP: 36/36 MP: 2/2
  1193 | D:2      | Reached ** piety under Trog
  1194 | D:2      | Reached skill level 1 in Throwing
  1215 | D:2      | Noticed Natasha
  1236 | D:2      | Killed Natasha
  1237 | D:2      | Reached XP level 4. HP: 29/45 MP: 3/3
  1731 | D:2      | Noticed Natasha
  1739 | D:2      | Killed Natasha
  1740 | D:2      | Reached skill level 4 in Unarmed Combat
  1788 | D:2      | Noticed Natasha
  1796 | D:2      | Killed Natasha
  1797 | D:2      | Reached XP level 5. HP: 53/53 MP: 4/4
  1883 | D:3      | Found a transporter.
  2041 | D:3      | Found a transporter.
  2042 | D:3      | Identified the +6 spear of Contradiction {elec, Str-4 Int+6
                  | Dex+2 SInv}
  2572 | D:3      | Noticed Antichthon's ghost (amateur NaWr)
  2940 | D:4      | Reached *** piety under Trog
  3359 | D:4      | Reached XP level 6. HP: 60/62 MP: 5/5
  3563 | D:5      | Entered Level 5 of the Dungeon
  3630 | D:5      | Reached skill level 5 in Unarmed Combat
  3666 | D:5      | Found a staircase to the Ecumenical Temple.
  3700 | D:5      | Found a sand-covered staircase.
  3716 | D:5      | Found the +3 woodcutter's axe {vorpal}
  3748 | D:5      | Reached XP level 7. HP: 71/71 MP: 6/6
  3795 | D:5      | Noticed Edmund
  3846 | D:5      | Killed Edmund
  3985 | Ossuary  | Entered an ossuary
  4094 | Ossuary  | Reached **** piety under Trog
  4118 | Ossuary  | Reached skill level 6 in Unarmed Combat
  4255 | Ossuary  | Reached skill level 5 in Fighting
  4318 | Ossuary  | Reached XP level 8. HP: 80/80 MP: 7/7
  4415 | D:3      | Killed Antichthon's ghost
  5421 | D:6      | Noticed Pikel
  5427 | D:6      | Noticed Sigmund
  5442 | D:5      | Killed Pikel
  5443 | D:5      | Reached skill level 5 in Throwing
  5443 | D:5      | Reached skill level 7 in Unarmed Combat
  5465 | D:6      | Killed Sigmund
  5513 | D:6      | Reached XP level 9. HP: 86/89 MP: 8/8
  5722 | D:6      | Noticed Maggie
  5736 | D:6      | Killed Maggie
  5817 | D:6      | Reached skill level 8 in Unarmed Combat
  6344 | D:7      | Found a flagged portal.
  6401 | Bailey   | Entered a bailey
  6669 | Bailey   | Reached XP level 10. HP: 94/102 MP: 9/9
  6699 | Bailey   | Reached skill level 9 in Unarmed Combat
  6742 | Bailey   | Noticed Prince Ribbit
  6742 | Bailey   | Noticed a vault guard
  6747 | Bailey   | Killed Prince Ribbit
  6758 | Bailey   | Killed a vault guard
  6946 | Bailey   | Noticed a vault guard
  6958 | Bailey   | Killed a vault guard
  7214 | D:7      | Noticed Dowan
  7214 | D:7      | Noticed Duvessa
  7218 | D:7      | Killed Dowan
  7223 | D:7      | Killed Duvessa
  7313 | D:7      | Reached skill level 10 in Unarmed Combat
  7585 | D:7      | Reached ***** piety under Trog
  7693 | D:7      | HP: 5/106 [something (4)]
  7693 | D:7      | HP: 1/106 [something (4)]
  7694 | D:7      | Slain by an unseen horror

Illustrated notes

Levels and vault maps discovered:
D:1:      roderic_octagonal_star, layout_loops_corners,
          shapermc_ecumenical_altar_mp_vishouse, serial_forest,
          infiniplex_forest_straight_3, infiniplex_forest_clump_cross,
          infiniplex_forest_lined_ring, infiniplex_forest_straight_2,
          infiniplex_forest_lined_2, infiniplex_forest_lined_3,
          infiniplex_forest_lined_room_
D:2:      layout_rooms, serial_curves, eino_curves_02, eino_curves_04,
          dk_noncrumbling_2, dk_noncrumbling_4, uniq_natasha
D:3:      layout_basic, gammafunk_ghost_gnarly_gnolls, minmay_misc_feat_square,
          corexii_item_surrounded_by_moat, grunt_ministairs_4
D:4:      minmay_wonky_spiral, layout_gridville
D:5:      kennysheep_kobold_camp, layout_basic, temple_fountains,
          nicolae_ossuary_entry_giza, uniq_edmund
D:6:      layout_cave_pools, uniq_maggie, uniq_sigmund, uniq_pikel
D:7:      lemuel_castle_with_subvaults [lemuel_castle_interior_original],
          layout_loops_cross, mainiacjoe_overflow_boulevard, enter_bailey_2,
          nicolae_lava_and_water, grunt_ministairs_1, kennysheep_generic_room_3,
          uniq_duvessa

Skill      XL: |  1  2  3  4  5  6  7  8  9 10 |
---------------+-------------------------------+-----
Fighting       | 3 4 5 6 7 8 |  8.6
Throwing       | 1 2 3 4 5 7 8 |  8.9
Unarmed Combat | 4 5 6 7 8 10 | 10.3
Dodging        | |  2.7

Action                   |  1- 3 |  4- 6 |  7- 9 | 10-12 || total
-------------------------+-------+-------+-------+-------++-------
Melee: Unarmed           |    90 |   153 |   338 |   159 ||   740
       Punch             |     2 |     3 |    13 |     6 ||    24
Throw: Stone             |       |    14 |    12 |    79 ||   105
Invok: Berserk           |     1 |     1 |     2 |     2 ||     6
       Trog's Hand       |       |       |     7 |     7 ||    14
  Use: Potion            |       |       |       |     5 ||     5
Armor: Animal skin       |    57 |    39 |       |       ||    96
       Acid dragon scale |       |    24 |   132 |       ||   156
       Swamp dragon scal |       |       |    56 |   131 ||   187
Dodge: Dodged            |    69 |    65 |   164 |    63 ||   361

Table legend: (Time is in decaauts)
 A = Elapsed time spent in this place.
 B = Non-inter-level travel time spent in this place.
 C = Inter-level travel time spent in this place.
 D = Time resting spent in this place.
 E = Time spent auto-exploring this place.
 F = Levels seen in this place.
 G = Mean time per level.
                   A        B        C        D        E       F      G
               +--------+--------+--------+--------+--------+-----+--------+
         Total |   7673 |   6829 |    844 |   1120 |   3891 |   9 |  852.6 |
       Dungeon |   6702 |   5858 |    844 |    605 |   3738 |   7 |  957.4 |
       Ossuary |    334 |    334 |      0 |    100 |     90 |   1 |  334.0 |
        Bailey |    636 |    636 |      0 |    414 |     62 |   1 |  636.0 |
               +--------+--------+--------+--------+--------+-----+--------+

Top non-repeatable levels by time:
     D:3: 1368 daAuts
     D:1: 1109 daAuts
     D:5: 1024 daAuts
     D:2: 856 daAuts
     D:6: 852 daAuts
     D:4: 790 daAuts
     D:7: 700 daAuts
  Bailey: 636 daAuts
 Ossuary: 334 daAuts
